 Dungeon Crawl Stone Soup version 0.28-a0-445-g51f8dfeb47 (webtiles) character file.

Game seed: 12149218519606333665

235 Morbidden the Firebug (level 5, -2/40 HPs)
             Began as a Demigod Fire Elementalist on Sept 12, 2021.
             Slain by an iguana (8 damage)
             ... on level 4 of the Dungeon.
             The game lasted 00:03:56 (3266 turns).

Morbidden the Firebug (Demigod Fire Elementalist)   Turns: 3266, Time: 00:03:56

Health: -2/40      AC:  2    Str:  9    XL:     5   Next: 47%
Magic:  2/12       EV: 12    Int: 21    God:
Gold:   43         SH:  0    Dex: 14    Spells: 4/10 levels left

rFire   . . .      SeeInvis .   (no weapon)
rCold   . . .      Faith    .   (no shield)
rNeg    . . .      Spirit   .   a - +0 robe
rPois   .          Reflect  .   (no helmet)
rElec   .          Harm     .   (no cloak)
rCorr   .          Rampage  .   (no gloves)
Will    .....                   (no boots)
Stlth   ++........              (no amulet)
HPRegen 0.13/turn               (no ring)
MPRegen 0.13/turn               (no ring)

@: mighty
A: high mp 1, forlorn
a: no special abilities


You were on level 4 of the Dungeon.
You visited 1 branch of the dungeon, and saw 4 of its levels.

You collected 43 gold pieces.

Inventory:

Missiles
 g - a throwing net
Armour
 a - a +0 robe (worn)
 i - a +0 ring mail
Scrolls
 b - 4 scrolls of identify
 e - a scroll of teleportation
 j - a scroll of immolation {unknown}
 k - a scroll of enchant weapon {unknown}
 m - a scroll of amnesia {unknown}
Potions
 f - 5 potions of curing
 h - 2 potions of brilliance
 l - a potion of might


   Skills:
 * Level 1.4 Fighting
 + Level 2.0 Dodging
 + Level 1.9 Stealth
 * Level 3.1 Spellcasting
 * Level 2.3 Conjurations
 * Level 0.7 Necromancy
 * Level 3.8 Fire Magic


You had 4 spell levels left.
You knew the following spells:

 Your Spells              Type           Power      Damage    Failure   Level
a - Foxfire               Conj/Fire      64%        2x1d7     3%          1
b - Scorch                Fire           38%        2d7       4%          2
c - Vampiric Draining     Necr           3%         2d6       28%         3

Your spell library contained the following spells:

 Spells                   Type           Power      Damage    Failure   Level
 Animate Skeleton         Necr           12%        N/A       10%         1
 Pain                     Necr           24%        1d5       10%         1
 Conjure Flame            Conj/Fire      16%        6-21      11%         3
 Inner Flame              Hex/Fire       11%        N/A       19%         3
 Flame Wave               Conj/Fire      16%        3d5       36%         4


Dungeon Overview and Level Annotations

Branches:
Dungeon (3/15)


Innate Abilities, Weirdness & Mutations

Your attributes grow dramatically as you level up.
You have an increased reservoir of magic. (+10% MP)
You shall have no god before yourself.


Message History

Unknown command.
Unknown command.
You hit the necrophage.
The necrophage is severely damaged.
The necrophage hits you.
Unknown command.
You punch the necrophage!
The necrophage is almost destroyed.
The necrophage closely misses you.
Unknown command.
You hit the necrophage.
You destroy the necrophage!
Your life force feels restored.
Your Dodging skill increases to level 2!
Your Spellcasting skill increases to level 3!
You have reached level 5!
You hit the iguana.
The iguana is lightly wounded.
The iguana bites you!
You punch the iguana!
The iguana is heavily wounded.
The iguana completely misses you.
You hit the iguana but do no damage.
The iguana is heavily wounded.
The iguana barely misses you.
You hit the iguana.
The iguana is heavily wounded.
The iguana misses you.
You barely miss the iguana.
The iguana is heavily wounded.
The iguana bites you.
* * * LOW HITPOINT WARNING * * *
You hit the iguana but do no damage.
The iguana is heavily wounded.
The iguana bites you.
* * * LOW HITPOINT WARNING * * *
You barely miss the iguana.
The iguana is heavily wounded.
The iguana bites you!
You die...

.# #..## ......
......## .......##
....#...###
..(.......#
.)......#.########
.......?....>..l@#
#.........######..#
##........# ##....
#.....l......
......
##...$##...##
##....[
##...)..#..# .....
#......##..# ....
...[..... .... ...?
###.##.## ...


You could see an iguana.

Vanquished Creatures
  A necrophage (D:4)
  A hound (D:4)
  Jessica (D:2)
  3 gnolls (D:2)
  A worm (D:2)
  A dart slug (D:2)
  6 ball pythons
  6 bats
  2 endoplasms
  3 giant cockroaches
  6 goblins
  8 hobgoblins
  6 jackals
  A quokka (D:1)
  6 frilled lizards
  3 kobolds
  4 rats
  A spectral hobgoblin (D:1)
60 creatures vanquished.

Vanquished Creatures (others)
  237 foxfires
237 creatures vanquished.

Grand Total: 297 creatures vanquished

Notes
Turn   | Place    | Note
-------+----------+-------------------------------------------
     0 | D:1      | Morbidden the Demigod Fire Elementalist began the quest for
                  | the Orb.
     0 | D:1      | Reached XP level 1. HP: 14/14 MP: 5/5
   373 | D:1      | Reached XP level 2. HP: 22/22 MP: 1/7
   413 | D:1      | HP: 1/22 [jackal (2)]
  1260 | D:1      | Reached skill level 1 in Conjurations
  1446 | D:1      | Reached XP level 3. HP: 27/27 MP: 3/8
  1449 | D:1      | Learned a level 2 spell: Scorch
  1537 | D:1      | Reached skill level 1 in Fighting
  2277 | D:2      | Learned a level 3 spell: Vampiric Draining
  2826 | D:2      | Reached XP level 4. HP: 35/35 MP: 3/10
  2924 | D:2      | Noticed Jessica
  2928 | D:2      | Killed Jessica
  3217 | D:3      | You fall into a shaft and drop 1 floor!
  3224 | D:4      | Noticed a necrophage
  3259 | D:4      | Killed a necrophage
  3260 | D:4      | Reached XP level 5. HP: 28/40 MP: 1/12
  3266 | D:4      | Slain by an iguana

Illustrated notes

Levels and vault maps discovered:
D:1:      evilmike_arrival_plus, layout_loops_ring, serial_glass,
          glass_columns_b, glass_columns_c,
          dreamdust_ecumenical_altar_drowned_temple, minmay_tromino_v4_a
D:2:      layout_basic, basic_altar, uniq_jessica
D:3:      layout_loops_ring, lemuel_crystal_altar,
          gammafunk_temple_overflow_arena, uniq_crazy_yiuf_cottage
D:4:      layout_rooms, trog_butcher_becter, minmay_fractal_squares_5,
          uniq_sigmund

Skill      XL: |  1  2  3  4 |
---------------+-------------+-----
Fire Magic     | 3 |  3.8
Conjurations   | 1 2 |  2.3
Spellcasting   | 2 3 |  3.1
Fighting       | 1 |  1.4
Dodging        | 2 |  2.0
Stealth        | |  1.9
Necromancy     | |  0.7

Action                   |  1- 3 |  4- 6 || total
-------------------------+-------+-------++-------
Melee: Unarmed           |    29 |    11 ||    40
 Cast: Foxfire           |   132 |     8 ||   140
       Scorch            |       |     5 ||     5
  Use: Scroll            |     2 |     1 ||     3
       Potion            |       |     3 ||     3
Armor: Robe              |    15 |     7 ||    22
Dodge: Dodged            |    64 |    20 ||    84

Table legend: (Time is in decaauts)
 A = Elapsed time spent in this place.
 B = Non-inter-level travel time spent in this place.
 C = Inter-level travel time spent in this place.
 D = Time resting spent in this place.
 E = Time spent auto-exploring this place.
 F = Levels seen in this place.
 G = Mean time per level.
                   A        B        C        D        E       F      G
               +--------+--------+--------+--------+--------+-----+--------+
         Total |   3267 |   3229 |     38 |    719 |   2012 |   4 |  816.8 |
       Dungeon |   3267 |   3229 |     38 |    719 |   2012 |   4 |  816.8 |
               +--------+--------+--------+--------+--------+-----+--------+

Top non-repeatable levels by time:
     D:1: 1917 daAuts
     D:2: 1237 daAuts
     D:3: 62 daAuts
     D:4: 48 daAuts
